 Dungeon Crawl Stone Soup version 0.31-a0-1178-gc5c9b8f871 (webtiles) character file.

Game seed: 10357694297420814843

889 Inarius the Trooper (level 7, -8/56 HPs)
             Began as a Mummy Fighter on Dec 11, 2023.
             Was a Follower of Makhleb.
             Mangled by a wyvern zombie (12 damage)
             ... in an ossuary.
             The game lasted 00:06:24 (4359 turns).

Inarius the Trooper (Mummy Fighter)                 Turns: 4359, Time: 00:06:25

Health: -8/56      AC:  8    Str: 22    XL:     7   Next: 77%
Magic:  8/8        EV: 10    Int:  7    God:    Makhleb [*.....]
Gold:   230        SH:  5    Dex: 17    Spells: 6/6 levels left

rFire   x . .        q - +2 hand axe (freeze)
rCold   + . .        c - +0 buckler
rNeg    + + +        b - +0 scale mail
rPois   ∞            h - +0 helmet
rElec   .            (no cloak)
rCorr   .            (no gloves)
SInv    .            (no boots)
Will    .....        (no amulet) Stlth
                     f - +6 ring of dexterity
HPRegen 0.29/turn    (no ring)
MPRegen 0.11/turn

%: faith
@: no status effects
A: cold resistance 1, negative energy resistance 3, torment resistance 2, heat
vulnerability 1, in touch with death 1, no potions, faith
a: Renounce Religion


You were in an ossuary.
You worshipped Makhleb.
Makhleb was aware of your devotion.
You visited 2 branches of the dungeon, and saw 6 of its levels.
You also visited: Ossuary.

You collected 230 gold pieces.

Inventory:

Hand Weapons
 a - a +0 war axe
 j - a +2 dagger of venom
 q - a +2 hand axe of freezing (weapon)
Missiles
 k - a boomerang (quivered)
Armour
 b - a +0 scale mail (worn)
 c - a +0 buckler (worn)
 h - a +0 helmet (worn)
 p - a +0 cloak
Jewellery
 f - a +6 ring of dexterity (left hand)
Scrolls
 d - 2 scrolls of poison {unknown}
 e - a scroll of noise {unknown}
 g - 6 scrolls of identify {unknown}
 i - a scroll of brand weapon {unknown}
 l - 3 scrolls of teleportation {unknown}
 m - a scroll of silence {unknown}
 n - a scroll of fog {unknown}
 o - a scroll of amnesia {unknown}
 r - a scroll of blinking {unknown}


   Skills:
 * Level 5.2 Fighting
 + Level 0.3 Short Blades
 + Level 4.8 Axes
 + Level 3.8 Armour
 + Level 1.5 Dodging
 + Level 3.0 Shields
 * Level 1.6 Invocations


You had 6 spell levels left.
You didn't know any spells.
Your spell library was empty.

Dungeon Overview and Level Annotations

Branches:
Dungeon (5/15)             Temple (1/1) D:4         Ossuary (1/1)

Altars:
Ashenzari
Cheibriados
Dithmenos
Fedhas
Gozag
Makhleb
Nemelex Xobeh
Okawaru
Qazlal
Uskayaw
Vehumet
Wu Jian
Yredelemnul

Annotations:
D:4 Edmund


Innate Abilities, Weirdness & Mutations

You are immune to poison.
Your flesh is cold resistant. (rC+)
You are immune to negative energy. (rN+++)
You are immune to unholy pain and torment.
You are vulnerable to heat. (rF-)
You are in touch with the powers of death.
You do not drink.
You have a special connection with the divine. (Faith)


Message History

Unknown command.
You hit the bog mummy.
You destroy the bog mummy!
Makhleb accepts your kill.
You feel better.
You hit the wyvern zombie.
The wyvern zombie bites you but does no damage.
Unknown command.
You hit the wyvern zombie.
The wyvern zombie is moderately damaged.
The wyvern zombie bites you!
Unknown command.
You are too injured to fight recklessly!
You are too injured to fight recklessly!
The wyvern zombie bites you!
* * * LOW HITPOINT WARNING * * *
You hit the wyvern zombie.
The wyvern zombie is heavily damaged.
The wyvern zombie barely misses you.
You hit the wyvern zombie but do no damage.
The wyvern zombie is heavily damaged.
The wyvern zombie bites you!
* * * LOW HITPOINT WARNING * * *
The wyvern zombie barely misses you.
You aren't carrying any items that you can evoke.
Unknown command.
Unknown command.
You hit the wyvern zombie.
The wyvern zombie is heavily damaged.
You block the wyvern zombie's attack.
You hit the wyvern zombie but do no damage.
The wyvern zombie is heavily damaged.
The wyvern zombie bites you.
* * * LOW HITPOINT WARNING * * *
You hit the wyvern zombie.
The wyvern zombie is severely damaged.
The wyvern zombie barely misses you. You block the wyvern zombie's attack.
You hit the wyvern zombie.
The wyvern zombie is severely damaged.
The wyvern zombie bites you!
You die...

# # ?#~+ #≈ ≈#
'~##~##≈
#~+.~~≈#
#M#~~≈≈#
+..P#≈#
#####.~#~# #
#∩.@#~~.## ≈#
#.∩.Z~#~###≈#
#...#.'.#≈≈#
#####~#~~#
~..+.~#
~~~~.##~≈#
#Z~P≈P##≈#≈≈
#≈~##~#~#≈#≈##
≈## #≈ ##≈# ≈


You could see a wyvern zombie.

Vanquished Creatures
  A water moccasin (D:5)
  2 scorpions
  2 orc priests
  A jelly (D:4)
  A hound (D:4)
  4 mummies (Ossuary)
  A human skeleton (D:5)
  2 iguanas (D:5)
  6 orc wizards
  4 gnolls (D:5)
  9 adders
  A worm (D:3)
  16 orcs
  8 ball pythons
  6 endoplasms
  A giant cockroach (D:1)
  5 goblins
  8 hobgoblins
  8 jackals (D:1)
  3 quokkas
  2 bats
  5 frilled lizards
  4 kobolds
  An orc skeleton (D:5)
  5 rats
106 creatures vanquished.

Notes
Turn   | Place    | Note
-------+----------+-------------------------------------------
     0 | D:1      | Inarius the Mummy Fighter began the quest for the Orb.
     0 | D:1      | Reached XP level 1. HP: 18/18 MP: 1/1
    66 | D:1      | Reached XP level 2. HP: 16/24 MP: 2/2
   429 | D:1      | Reached XP level 3. HP: 23/29 MP: 3/3
  1510 | D:2      | Reached XP level 4. HP: 37/37 MP: 4/4
  1821 | D:3      | Reached XP level 5. HP: 38/42 MP: 5/5
  1935 | D:3      | Reached skill level 4 in Fighting
  2449 | D:3      | Reached skill level 1 in Dodging
  2560 | D:3      | Found a broken altar of Ashenzari.
  2592 | D:3      | Found a basalt altar of Yredelemnul.
  2901 | D:4      | Noticed Edmund
  3013 | D:4      | Reached XP level 6. HP: 30/48 MP: 6/6
  3094 | D:4      | Found an opulent altar of Gozag.
  3176 | D:4      | Found a staircase to the Ecumenical Temple.
  3184 | Temple   | Entered the Ecumenical Temple
  3205 | Temple   | Became a worshipper of Makhleb the Destroyer
  3806 | D:5      | Entered Level 5 of the Dungeon
  4003 | D:5      | Identified the +7 sling of Duty {heavy, rC+ Int+3}
  4012 | D:5      | Reached XP level 7. HP: 40/55 MP: 7/7
  4076 | D:5      | Reached skill level 1 in Invocations
  4121 | D:5      | Reached * piety under Makhleb
  4145 | D:5      | Reached skill level 5 in Fighting
  4253 | D:5      | Found a sand-covered staircase.
  4269 | Ossuary  | Entered an ossuary
  4359 | Ossuary  | Mangled by a wyvern zombie

Illustrated notes

Levels and vault maps discovered:
D:1:      dpeg_arrival_lava_temple_mockup, layout_rooms
D:2:      layout_basic, minmay_misc_feat_doors
D:3:      minmay_general_purpose_star, layout_rooms,
          mainiacjoe_overflow_two_lobes, serial_bayou, serial_bayou_lagoon_a,
          serial_bayou_pond_c, serial_bayou_shore_b, serial_bayou_shore_a,
          serial_bayou_ford_a
D:4:      layout_basic, nicolae_overflow_crystal_walls,
          mainiacjoe_overflow_small_starburst, minmay_temple_entry_arrows,
          roderic_lattice_a, dreamdust_princess_corridor, uniq_edmund
D:5:      layout_basic, nicolae_ossuary_entry_catacombs
Temple:   nicolae_temple_godzebo
Ossuary:  ossuary_zaba_flooded

Skill      XL: |  1  2  3  4  5  6  7 |
---------------+----------------------+-----
Axes           | 2 3 4 |  4.8
Fighting       | 4 5 |  5.2
Dodging        | 1 |  1.5
Armour         | 3 |  3.8
Invocations    | 1 |  1.6
Shields        | 3 |  3.0
Short Blades   | |  0.3

Action                     |  1- 3 |  4- 6 |  7- 9 || total
---------------------------+-------+-------+-------++-------
  Melee: War axe           |   110 |   104 |       ||   214
         Dagger            |       |    39 |       ||    39
         Hand axe          |       |    22 |    95 ||   117
  Throw: Boomerang         |       |     1 |       ||     1
 Armour: Scale mail        |    79 |   113 |    65 ||   257
  Dodge: Dodged            |    70 |    68 |    39 ||   177
  Block: Buckler           |    24 |    26 |    21 ||    71

Table legend: (Time is in decaauts)
 A = Elapsed time spent in this place.
 B = Non-inter-level travel time spent in this place.
 C = Inter-level travel time spent in this place.
 D = Time resting spent in this place.
 E = Time spent auto-exploring this place.
 F = Levels seen in this place.
 G = Mean time per level.
                   A        B        C        D        E       F      G
               +--------+--------+--------+--------+--------+-----+--------+
         Total |   4495 |   4290 |    205 |    490 |   2770 |   7 |  642.1 |
       Dungeon |   4358 |   4190 |    168 |    457 |   2763 |   5 |  871.6 |
        Temple |     42 |      5 |     37 |      0 |      0 |   1 |   42.0 |
       Ossuary |     95 |     95 |      0 |     33 |      7 |   1 |   95.0 |
               +--------+--------+--------+--------+--------+-----+--------+

Top non-repeatable levels by time:
     D:4: 1088 daAuts
     D:2: 1078 daAuts
     D:3: 1076 daAuts
     D:1: 640 daAuts
     D:5: 474 daAuts
 Ossuary: 95 daAuts
  Temple: 42 daAuts
